 Dungeon Crawl Stone Soup version 0.31-a0-177-g4aa6249778 (webtiles) character file.

Game seed: 4291127561658528429

66 qw the Shooter (level 4, -3/39 HPs)
             Began as a Naga Hunter on June 18, 2023.
             Slain by a gnoll
             ... wielding a +0 flail
              (8 damage)
             ... on level 2 of the Dungeon.
             The game lasted 00:00:23 (1092 turns).

qw the Shooter (Naga Hunter)                        Turns: 1092, Time: 00:00:24

Health: -3/39      AC:  2    Str: 13    XL:     4   Next: 15%
Magic:  4/4        EV:  9    Int:  9    God:
Gold:   65         SH:  0    Dex: 17    Spells: 3/3 levels left

rFire   . . .        Y - +0 shortbow
rCold   . . .        (shield currently unavailable)
rNeg    . . .        c - +0 leather armour
rPois   +            (no helmet)
rElec   .            (no cloak)
rCorr   .            (no gloves)
SInv    +            (no barding)
Will    .....        (no amulet)
Stlth   ++           (no ring)
HPRegen 0.26/turn    (no ring)
MPRegen 0.09/turn

%: no passive effects
@: lethally poisoned (-3 -> -13), very slow
A: AC +1, large, see invisible, deformed body, poison resistance, slowness 2,
spit poison 1, naga tail 1
a: Spit Poison


You were on level 2 of the Dungeon.
You visited 1 branch of the dungeon, and saw 2 of its levels.

You collected 65 gold pieces.


Innate Abilities, Weirdness & Mutations

Your serpentine skin is tough. (AC +1)
You have supernaturally acute eyesight. (SInv)
Armour fits poorly on your strangely shaped body.
Your system is resistant to poisons. (rPois)
You cover ground very slowly.
You can spit poison.
You have a snake-like lower body.


   Skills:
 + Level 2.0 Fighting
 - Level 5.1 Ranged Weapons
 - Level 1.5 Dodging
 - Level 1.5 Stealth


You had 3 spell levels left.
You didn't know any spells.
Your spell library was empty.

Inventory:

Hand Weapons
 Y - a +0 shortbow (weapon)
Armour
 c - a +0 leather armour (worn)
 e - the +1 ring mail "Uxebooc" {rElec rPois}
   (You found it on level 2 of the Dungeon)

   rElec:     It insulates you from electricity.
   rPois:     It protects you from poison.
Scrolls
 f - a scroll of identify
Potions
 a - a potion of magic {unknown}
 b - a potion of invisibility {unknown}
 d - a potion of curing {unknown}

Dungeon Overview and Level Annotations

Branches:
Dungeon (2/15)

Altars:


Message History

Found a dagger.
Enter note:
Enter note:
Found a leather armour.
Enter note:
Enter note: A gnoll comes into view. It is wielding a +0 flail.
Enter note:
Enter note: You shoot an arrow.
The arrow hits the gnoll.
The gnoll shouts!
The gnoll is lightly wounded.
You shoot an arrow. The arrow closely misses the gnoll.
You hear a shout!
A gnoll comes into view. It is wielding a +0 halberd of venom.
A gnoll comes into view. It is wielding a +0 halberd.
1087 ||| Stepping ~*~*~tactically~*~*~ (outnumbered).
Enter note:
Enter note:
1088 ||| INVOKING Spit Poison.
Aiming: Spit Poison (1% risk of failure)
Press: ? - help, Shift-Dir - straight line, f - gnoll, p - gnoll The splash of poison misses the gnoll.
You shoot an arrow. The arrow closely misses the gnoll.
The gnoll hits you from afar with a +0 halberd of venom!
You are poisoned.
You shoot an arrow. The arrow hits the gnoll.
The gnoll is heavily wounded.
You feel very sick.
The gnoll hits you from afar with a +0 halberd of venom.
You are more poisoned.
You shoot an arrow. The arrow hits the gnoll.
The gnoll is almost dead.
You feel very sick. The gnoll hits you with a +0 flail!
The gnoll hits you but does no damage.
You shoot an arrow. The arrow barely misses the gnoll.
You have got your breath back.
You feel very sick. The gnoll hits you with a +0 flail!
You die...

###############
..............#
..[...#####.###
......<.....# #.#
#..#####.#.#
.[...##)@#####.#.#
#......g.......#.#
#......g########.######
#.......# ##......#
.....##.# ##.#.###.#
##.#. #.. #.##...#.# #.
. ... ##.#.#.#.# # .
... ##......# .# #..g
#####.###


You could see 2 gnolls.

Vanquished Creatures
  Terence (D:2)
  3 dart slugs (D:1)
  3 bats (D:1)
  4 endoplasms
  3 giant cockroaches
  5 goblins (D:1)
  2 quokkas
  3 ball pythons (D:1)
  4 frilled lizards
  2 kobolds
  4 rats
34 creatures vanquished.

Notes
Turn   | Place    | Note
-------+----------+-------------------------------------------
     0 | D:1      | qw the Naga Hunter began the quest for the Orb.
     0 | D:1      | Reached XP level 1. HP: 19/19 MP: 1/1
     0 | D:1      | 0 ||| qw: Version: 0.3-a-7-ge0c9b40
     0 | D:1      | 0 ||| qw: Game counter: 764
     0 | D:1      | 0 ||| qw: Always use a shield: true
     0 | D:1      | 0 ||| qw: God list: Okawaru
     0 | D:1      | 0 ||| qw: Allow faded altars: false
     0 | D:1      | 0 ||| qw: Do Orc after D:15 true
     0 | D:1      | 0 ||| qw: Do second Lair branch before Depths: true
     0 | D:1      | 0 ||| qw: Lair rune preference: random
     0 | D:1      | 0 ||| qw: Plans: Normal
     0 | D:1      | 0 ||| PLANNING D:1-11
    14 | D:1      | 14 ||| INVOKING Spit Poison.
    57 | D:1      | 57 ||| INVOKING Spit Poison.
    65 | D:1      | 65 ||| INVOKING Spit Poison.
    67 | D:1      | Reached skill level 4 in Ranged Weapons
    67 | D:1      | Reached XP level 2. HP: 24/26 MP: 2/2
   126 | D:1      | 126 ||| INVOKING Spit Poison.
   132 | D:1      | Found a faded altar of an unknown god.
   140 | D:1      | 140 ||| INVOKING Spit Poison.
   145 | D:1      | 145 ||| INVOKING Spit Poison.
   180 | D:1      | 180 ||| INVOKING Spit Poison.
   203 | D:1      | 203 ||| INVOKING Spit Poison.
   243 | D:1      | 243 ||| INVOKING Spit Poison.
   276 | D:1      | 276 ||| INVOKING Spit Poison.
   282 | D:1      | 282 ||| INVOKING Spit Poison.
   333 | D:1      | 333 ||| INVOKING Spit Poison.
   344 | D:1      | 344 ||| INVOKING Spit Poison.
   462 | D:1      | 462 ||| INVOKING Spit Poison.
   463 | D:1      | Reached XP level 3. HP: 32/32 MP: 3/3
   479 | D:1      | 479 ||| INVOKING Spit Poison.
   482 | D:1      | 482 ||| INVOKING Spit Poison.
   629 | D:1      | 629 ||| INVOKING Spit Poison.
   633 | D:1      | 633 ||| INVOKING Spit Poison.
   646 | D:1      | 646 ||| INVOKING Spit Poison.
   656 | D:1      | 656 ||| INVOKING Spit Poison.
   783 | D:1      | 783 ||| READING scroll labelled ACAINI COSATZY.
   786 | D:1      | 786 ||| READING 2 scrolls labelled CUM XEGUHI.
   787 | D:1      | 787 ||| READING scroll labelled XAOV ISIRICA.
   788 | D:1      | 788 ||| READING scroll labelled HOR LACAWO.
   889 | D:1      | 889 ||| READING scroll labelled LERGHO AMUK.
   890 | D:1      | 890 ||| DROPPING scroll of butterflies.
   935 | D:2      | 935 ||| INVOKING Spit Poison.
   973 | D:2      | 973 ||| INVOKING Spit Poison.
   993 | D:2      | Noticed Terence
   996 | D:2      | 996 ||| INVOKING Spit Poison.
   999 | D:2      | 999 ||| INVOKING Spit Poison.
  1002 | D:2      | Killed Terence
  1003 | D:2      | Reached skill level 5 in Ranged Weapons
  1003 | D:2      | Reached XP level 4. HP: 36/39 MP: 4/4
  1019 | D:2      | Identified the +1 ring mail "Uxebooc" {rElec rPois}
  1021 | D:2      | 1021 ||| INVOKING Spit Poison.
  1040 | D:2      | 1040 ||| INVOKING Spit Poison.
  1087 | D:2      | 1087 ||| Stepping ~*~*~tactically~*~*~ (outnumbered).
  1088 | D:2      | 1088 ||| INVOKING Spit Poison.
  1091 | D:2      | HP: 9/39 [gnoll/+0 flail (9)]
  1092 | D:2      | Slain by a gnoll

Levels and vault maps discovered:
D:1:      roderic_crossed_star, layout_loops_corners,
          hellmonk_ecumenical_altar_crossroads
D:2:      layout_loops_cross, uniq_terence

Skill      XL: |  1  2  3 |
---------------+----------+-----
Ranged Weapons | 4 5 |  5.1
Fighting       | |  2.0
Dodging        | |  1.5
Stealth        | |  1.5

Action                     |  1- 3 |  4- 6 || total
---------------------------+-------+-------++-------
   Fire: Shortbow          |    43 |     8 ||    51
Ability: Spit Poison       |    24 |     3 ||    27
    Use: Scroll            |     5 |       ||     5
 Armour: Leather armour    |     8 |     1 ||     9
  Dodge: Dodged            |     8 |       ||     8

Table legend:
 A = Non-vault XP
 B = Vault XP
 C = Vault XP percentage of total XP
 D = Non-vault monster count
 E = Vault monster count
 F = Vault count percentage of total count
                 A         B        C        D         E       F
            +---------+---------+-------+---------+---------+-------
      Total |      57 |      38 |  40.0 |      33 |       1 |   2.9
            +---------+---------+-------+---------+---------+-------
        D:1 |      47 |       0 |   0.0 |      26 |       0 |   0.0
        D:2 |      10 |      38 |  79.2 |       7 |       1 |  12.5
            +---------+---------+-------+---------+---------+-------
